AoeStats
← ITA | MarknighT

Arena

507935827Analyzed
1v1 RM · 13d ago on Sep 20, 2026· 51m 35s· 2 players
Game mode
Random Map
Map size
Tiny (2 player)
Population
200
Speed
Normal
Resources
Standard
Victory
Conquest
Starting age
Dark Age
Ending age
Imperial Age
RankedLock teamsTeams togetherTeam positionsShared explorationLock speedFull tech treeHidden civsTurbo modeCheats
Victory
Defeat
🇹🇼 Lithuanians · Taiwan
2016
+15
🇮🇹 Slavs · Italy
1998
-15
ITA | MarknighT
10:28 Feudal Age
14:32 Castle Age
12:35 Double-Bit Axe
12:58 Horse Collar
14:36 Light Cavalry
18:27 Bow Saw
21:06 Heavy Plow
21:44 Wheelbarrow
23:00 Hand Cart
22:32 Loom
23:15 Town Watch
27:26 Scale Mail Armor
27:28 Squires
30:14 Imperial Age
28:27 Chain Mail Armor
27:56 Pikeman
28:30 Gold Mining
31:07 Forging
30:27 Halberdier
32:00 Plate Mail Armor
31:59 Conscription
31:13 Capped Ram
33:06 Iron Casting
33:12 Gold Shaft Mining
33:28 Man-at-Arms
33:39 Onager
35:18 Stone Mining
35:28 Elite Boyar
36:11 Druzhina
36:27 Siege Engineers
37:03 Siege Ram
38:11 Masonry
38:35 Long Swordsman
39:12 Two-Handed Swordsman
41:43 Blast Furnace
42:49 Champion
45:07 Fletching
45:18 Padded Archer Armor
45:25 Scale Barding Armor
48:31 Two-Man Saw
49:09 Siege Onager
[LuB]myqbox
10:36 Feudal Age
14:25 Castle Age
12:20 Horse Collar
13:10 Double-Bit Axe
15:27 Husbandry
19:58 Light Cavalry
23:10 Wheelbarrow
24:29 Bow Saw
25:09 Gold Mining
24:49 Pikeman
25:45 Forging
26:05 Stone Mining
26:03 Loom
26:49 Hand Cart
27:15 Atonement
27:14 Town Watch
30:55 Imperial Age
28:46 Squires
29:42 Iron Casting
29:34 Heavy Plow
29:38 Scale Mail Armor
30:28 Fervor
30:39 Sanctity
31:01 Padded Archer Armor
32:03 Stone Shaft Mining
32:38 Chemistry
31:45 Scale Barding Armor
31:49 Fletching
32:54 Block Printing
33:15 Theocracy
33:05 Illumination
33:08 Bloodlines
33:55 Conscription
34:47 Leather Archer Armor
36:19 Ring Archer Armor
35:14 Cavalier
36:14 Scale Barding Armor
36:52 Redemption
38:47 Chain Barding Armor
39:35 Elite Leitis
44:07 Treadmill Crane
44:37 Masonry
44:48 Ballistics
45:13 Crop Rotation
45:44 Two-Man Saw
46:10 Plate Barding Armor
45:32 Bodkin Arrow
46:09 Architecture
47:11 Guilds
49:52 Bracer
Connection lost

Rejoining the realm…

Still unreachable

The connection could not be restored.

Session expired

The server has moved on; the page needs a fresh start.